 Dungeon Crawl Stone Soup version 0.25-a0-253-g6f1b5d974a (webtiles) character file.

Game seed: 16510056793831967924, levelgen mode: classic

2933 Borgoz the Carver (level 9, -9/85 HPs)
             Began as a Gargoyle Monk on Dec 5, 2019.
             Was a Believer of Ashenzari.
             Killed by divine providence
             ... invoked by a smoke demon
              (10 damage)
             ... on level 1 of the Abyss.
             The game lasted 00:13:42 (8001 turns).

Borgoz the Carver (Gargoyle Monk)                   Turns: 8001, Time: 00:13:43

Health: -9/85      AC: 24    Str: 18    XL:     9   Next: 80%
Magic:  9/9        EV:  2    Int: 11    God:    Ashenzari [**....]
Gold:   279        SH:  0    Dex: 12    Spells: 8/8 levels left

rFire    . . .     SeeInvis .   a - +0 falchion
rCold    . . .     Gourm    .   (no shield)
rNeg     + + +     Faith    .   (armour currently unavailable)
rPois    ∞         Spirit   .   (helmet currently unavailable)
rElec    .         Reflect  .   (cloak currently unavailable)
rCorr    +         Harm     .   (gloves currently unavailable)
MR       .....     NoTele   +   (boots currently unavailable)
Stlth    ++........             (no amulet)
HPRegen  0.24/turn              q - ring of resist corrosion
MPRegen  0.11/turn              (no ring)

@: tree-form (expiring)
A: negative energy resistance 1, petrification resistance, rot immunity, AC +6
a: Curse Item, Scrying, Renounce Religion


You were on level 1 of the Abyss.
You worshipped Ashenzari.
Ashenzari was pleased with you.
You were not hungry.
You were a tree.
You visited 2 branches of the dungeon, and saw 9 of its levels.
You visited the Abyss 1 time.

You collected 279 gold pieces.

Inventory:

Hand Weapons
 a - a +0 falchion (weapon)
Missiles
 o - 2 throwing nets (quivered)
Armour
 e - a +0 cloak (melded)
 g - a +2 pair of boots (melded)
 k - a +0 pair of gloves (melded)
 u - a cursed +0 chain mail (melded)
Jewellery
 q - a ring of resist corrosion (left branch)
Wands
 i - a wand of iceblast (6)
 n - a wand of digging (3)
 t - a wand of disintegration (9)
 v - a wand of clouds (3)
Scrolls
 f - 2 scrolls of blinking {unknown}
 h - 3 scrolls of identify
 j - 4 scrolls of enchant armour
 s - 3 scrolls of teleportation
 x - a scroll of magic mapping {unknown}
Potions
 b - 2 potions of brilliance
 d - a potion of lignification
 l - a potion of flight
 w - a potion of magic
Comestibles
 c - 5 rations


   Skills:
 + Level 7.3 Fighting
 * Level 8.2 Long Blades
 + Level 6.3 Armour
 + Level 5.5 Dodging
 - Level 2.1 Stealth


You had 8 spell levels left.
You didn't know any spells.
Your spell library was empty.

Dungeon Overview and Level Annotations

Branches:
Dungeon (8/15)             Temple (1/1) D:7
   Lair: D:8-11

Altars:
Ashenzari
Dithmenos
Elyvilon
Fedhas
Gozag
Hepliaklqana
Kikubaaqudgha
Makhleb
Nemelex Xobeh
Okawaru
Qazlal
Ru
Sif Muna
Trog
Uskayaw
Vehumet
Wu Jian
Xom
Zin
The Shining One

Shops:
D:4 !%   D:6 }

Annotations:
D:5 Pikel
D:7 Psyche


Innate Abilities, Weirdness & Mutations

You are resistant to torment.
((Your stone body is resilient. (AC +6)))
You are immune to poison.
You resist negative energy. (rN+)
((You are resistant to electric shocks. (rElec)))
((You can survive without breathing.))
You are immune to petrification.
You are immune to rotting.


Message History

You are cast into the Abyss!
To return, you must find a gate leading back.
Killing monsters will force the Abyss to allow you passage.
This branch contains the abyssal rune of Zot.
Found 13 gold pieces.
You start resting.
A smoke demon comes into view.
A smoke demon is nearby!
The smoke demon roars!
You hear a roar!
A thrashing horror comes into view.
The smoke demon gestures at you. The ball of steam hits you!!
* * * LOW HITPOINT WARNING * * *
You are engulfed in a cloud of scalding steam.
Unknown command.
You are engulfed in a cloud of scalding steam.
Your transformation is almost over.
The smoke demon gestures at you. Something smites you!
You die...

, , ,,
...,..... , ,
#..##... ,
**,....... , ,
,* , .....# ,,
, , §§.§#,, , *
...# ,,
##.####§.# , ,
, *,....$..♣.#
, ,
#...#.#§.......
., *# #3.......
#........ * * ,
......### * ,,,
......# * ,
,#...... ,
........, , ,


You could see a smoke demon.

Vanquished Creatures
  A hippogriff (D:7)
  A hungry ghost (D:7)
  A black bear (D:7)
  Duvessa (D:6)
  An ice beast (D:4)
  2 ogres
  2 phantoms
  2 centaurs
  4 bullfrogs
  Dowan (D:5)
  A water moccasin zombie (D:5)
  3 scorpions (D:7)
  5 wights (D:7)
  4 howler monkeys
  A crimson imp (D:6)
  2 hounds
  4 orc priests
  2 bullfrog skeletons (D:6)
  2 centaur skeletons (D:6)
  2 orc wizards
  2 iguanas (D:7)
  5 worker ants
  2 hound zombies (D:7)
  2 hound skeletons
  3 gnolls
  12 adders
  4 river rats (D:6)
  A shadow imp (D:5)
  2 adder zombies
  An adder skeleton (D:4)
  2 worms (D:2)
  2 dart slugs
  4 leopard geckos
  21 orcs
  6 giant cockroaches
  12 hobgoblins
  11 jackals
  2 quokkas
  6 ball pythons
  11 bats
  15 frilled lizards
  8 goblins
  A jackal skeleton (D:5)
  5 kobolds
  A leopard gecko zombie (D:5)
  7 rats
  A plant (D:6)
191 creatures vanquished.

Vanquished Creatures (others)
  An orc wizard (D:4)
  3 orcs (D:7)
  4 plants (D:6)
8 creatures vanquished.

Grand Total: 199 creatures vanquished

Notes
Turn   | Place    | Note
-------+----------+-------------------------------------------
     0 | D:1      | Borgoz the Gargoyle Monk began the quest for the Orb.
     0 | D:1      | Reached XP level 1. HP: 14/14 MP: 1/1
   166 | D:1      | Reached XP level 2. HP: 19/19 MP: 2/2
   221 | D:1      | Reached skill level 3 in Long Blades
   431 | D:1      | Reached skill level 1 in Armour
   741 | D:1      | Reached XP level 3. HP: 23/23 MP: 3/3
  1360 | D:2      | Reached XP level 4. HP: 29/29 MP: 4/4
  1885 | D:2      | Reached XP level 5. HP: 33/33 MP: 5/5
  2227 | D:3      | Reached skill level 4 in Long Blades
  2369 | D:3      | Found a radiant altar of Vehumet.
  2661 | D:4      | Reached XP level 6. HP: 34/38 MP: 6/6
  2885 | D:4      | Found Sieshryc's Distillery.
  3322 | D:4      | Reached XP level 7. HP: 36/44 MP: 7/7
  3409 | D:4      | Found Gifeasall's Food Shop.
  3673 | D:5      | Entered Level 5 of the Dungeon
  3709 | D:4      | Reached skill level 5 in Long Blades
  3890 | D:5      | Reached skill level 5 in Fighting
  4059 | D:5      | Noticed Pikel
  4513 | D:6      | Noticed Duvessa
  4513 | D:6      | Noticed Dowan
  4528 | D:6      | Killed Duvessa
  4595 | D:5      | Reached XP level 8. HP: 24/50 MP: 8/8
  4802 | D:5      | Killed Dowan
  4802 | D:5      | Reached skill level 6 in Long Blades
  5028 | D:6      | Found an ornate altar of the Wu Jian Council.
  5140 | D:6      | Found a shattered altar of Ashenzari.
  5382 | D:6      | Became a worshipper of Ashenzari the Shackled
  5382 | D:6      | Reached * piety under Ashenzari
  5382 | D:6      | Reached ** piety under Ashenzari
  5506 | D:6      | Found Nooqik Suto's Gadget Shop.
  5742 | D:6      | Reached skill level 5 in Armour
  6146 | D:7      | Reached skill level 7 in Long Blades
  6146 | D:7      | Reached XP level 9. HP: 56/56 MP: 9/9
  6261 | D:7      | Reached skill level 5 in Dodging
  7180 | D:7      | Found a glowing silver altar of Zin.
  7180 | D:7      | Found an opulent altar of Gozag.
  7181 | D:7      | Found a burning altar of Makhleb.
  7244 | D:7      | Found a staircase to the Ecumenical Temple.
  7333 | Temple   | Entered the Ecumenical Temple
  7817 | D:7      | Reached skill level 8 in Long Blades
  7855 | D:8      | Noticed Psyche
  7973 | D:7      | Cast into level 1 of the Abyss (Psyche)
  7993 | Abyss:1  | Noticed a smoke demon
  7997 | Abyss:1  | Noticed a thrashing horror
  7999 | Abyss:1  | HP: 1/85 [something/ball of steam (19)]
  8001 | Abyss:1  | Killed from afar by a smoke demon

Levels and vault maps discovered:
D:1:      dpeg_arrival_rhombi, layout_basic, minmay_lizard_pond
D:2:      minmay_razor_zed, layout_loops_ring
D:3:      layout_basic, old_standard_altar, first_ration
D:4:      layout_basic, serial_shops, shop, shop, kennysheep_generic_room_4
D:5:      layout_rooms, uniq_crazy_yiuf_cottage, uniq_blork_the_orc, uniq_pikel
D:6:      wad_woods_stonehenge, layout_basic, old_standard_altar, serial_shops,
          nicolae_shop_statue_plus, uniq_duvessa
D:7:      layout_basic, gammafunk_temple_overflow_claw, temple_statues
D:8:      layout_rooms, david_lair_generic, uniq_psyche
Temple:   regret_index_temple_generic_petals
Abyss:1:  base:
D:5

Skill      XL: |  1  2  3  4  5  6  7  8  9 |
---------------+----------------------------+-----
Long Blades    | 3 4 5 7 8 |  8.2
Armour         | 1 2 3 4 5 6 |  6.3
Dodging        | 3 4 5 |  5.5
Fighting       | 4 5 6 7 |  7.3
Stealth        | |  2.1

Action                   |  1- 3 |  4- 6 |  7- 9 || total
-------------------------+-------+-------+-------++-------
Melee: Falchion          |   122 |   320 |   801 ||  1243
Evoke: Wand              |       |     3 |       ||     3
  Use: Potion            |       |     6 |     5 ||    11
       Scroll            |       |     1 |     6 ||     7
 Stab: Sleeping          |     8 |     1 |       ||     9
       Distracted        |       |     1 |       ||     1
  Eat: Chunk             |     2 |     6 |    12 ||    20
       Ration            |       |       |     5 ||     5
Armor: Robe              |    57 |    29 |       ||    86
       Skin              |       |    53 |     8 ||    61
       Chain mail        |       |   173 |   618 ||   791
Dodge: Dodged            |   108 |   169 |   371 ||   648
       Rpst.: Falchion   |    34 |    54 |   110 ||   198

Table legend:
 A = Non-vault XP
 B = Vault XP
 C = Vault XP percentage of total XP
 D = Non-vault monster count
 E = Vault monster count
 F = Vault count percentage of total count
                 A         B        C        D         E       F
            +---------+---------+-------+---------+---------+-------
      Total |    3796 |     394 |   9.4 |     157 |      35 |  18.2
            +---------+---------+-------+---------+---------+-------
        D:1 |      35 |       9 |  20.5 |      24 |       9 |  27.3
        D:2 |      56 |      71 |  55.9 |      18 |      15 |  45.5
        D:3 |     115 |       0 |   0.0 |      27 |       0 |   0.0
        D:4 |     511 |       5 |   1.0 |      23 |       2 |   8.0
        D:5 |     415 |      81 |  16.3 |      12 |       1 |   7.7
        D:6 |     615 |     228 |  27.0 |      15 |       8 |  34.8
        D:7 |    2043 |       0 |   0.0 |      37 |       0 |   0.0
        D:8 |       6 |       0 |   0.0 |       1 |       0 |   0.0
            +---------+---------+-------+---------+---------+-------
